 Dungeon Crawl Stone Soup version 0.27.0-1-g7a089689b8 (webtiles) character file.

Game seed: 7205459172713771759

6322 sasquatch the Cleaver (level 11, -3/75 HPs)
             Began as a Formicid Fighter on Aug 3, 2021.
             Was a Believer of the Shining One.
             Slain by a two-headed ogre (25 damage)
             ... on level 10 of the Dungeon.
             The game lasted 00:17:05 (11043 turns).

sasquatch the Cleaver (Formicid Fighter)           Turns: 11043, Time: 00:17:05

Health: -3/75      AC: 13    Str: 24    XL:     11   Next: 16%
Magic:  11/11      EV:  8    Int:  8    God:    the Shining One [**....]
Gold:   571        SH: 16    Dex: 10    Spells: 10/10 levels left

rFire    + + .     SeeInvis +   a - +0 war axe
rCold    . . .     Faith    .   c - +0 kite shield
rNeg     + . .     Spirit   .   t - +2 chain mail {rF+}
rPois    .         Reflect  +   (helmet unavailable)
rElec    +         Harm     .   H - +0 cloak
rCorr    +         Rampage  .   (no gloves)
Will     +....                  q - +0 pair of boots
Stlth    ..........             b - amulet "Pimp" {Reflect rElec rF+ SH+5}
HPRegen  0.22/turn              i - ring of resist corrosion
MPRegen  0.12/turn              (no ring)

@: glowing, studying Axes
A: permanent stasis, dig shafts and tunnels, antennae 3, four strong arms
a: Dig, Shaft Self, Renounce Religion, Divine Shield


You were on level 10 of the Dungeon.
You worshipped the Shining One.
The Shining One was pleased with you.
You visited 2 branches of the dungeon, and saw 11 of its levels.

You collected 571 gold pieces.

Inventory:

Hand Weapons
 a - a +0 war axe (weapon)
 l - a +2 dagger of electrocution
 r - a +0 dagger of venom
 w - a +0 battleaxe
 F - a +1 scimitar of flaming
 K - a +3 scimitar
Missiles
 h - 6 atropa-tipped darts
 j - 48 poisoned darts
 s - 12 boomerangs
Armour
 c - a +0 kite shield (worn)
 q - a +0 pair of boots (worn)
 t - a +2 chain mail of fire resistance (worn)
 H - a +0 cloak (worn)
Jewellery
 b - the amulet "Pimp" (around neck) {Reflect rElec rF+ SH+5}
   (You acquired it on level 8 of the Dungeon)

   [amulet of reflection]

   It reflects blocked missile attacks.
   rF:        It protects you from fire.
   rElec:     It insulates you from electricity.
   SH:        It affects your SH (+5).
 i - a ring of resist corrosion (left hand)
Wands
 x - a wand of flame (7)
 y - a wand of digging (4)
Scrolls
 z - 2 scrolls of holy word
 B - a scroll of magic mapping
Potions
 d - 3 potions of might
 f - 5 potions of curing {unknown}
 g - a potion of invisibility {unknown}
 k - a potion of lignification {unknown}
 m - 2 potions of ambrosia
 o - 2 potions of heal wounds {unknown}
 v - a potion of haste {unknown}
 C - a potion of resistance {unknown}
 G - a potion of cancellation {unknown}
 I - 2 potions of flight
 J - a potion of brilliance {unknown}
Miscellaneous
 e - a lightning rod (4/4)


   Skills:
 - Level 3.2 Fighting
 * Level 14.7 Axes
 - Level 3.2 Armour
 - Level 9.0 Shields


You had 10 spell levels left.
You didn't know any spells.
Your spell library contained the following spells:

 Spells                   Type           Power      Damage    Failure   Level
 Sandblast                Erth           0%         2d4       97%         1
 Passwall                 Tmut/Erth      0%         N/A       99%         2
 Ozocubu's Armour         Ice            0%         N/A       100%        3
 Leda's Liquefaction      Hex/Erth       0%         N/A       100%        4
 Bolt of Magma            Conj/Fire/Erth 0%         4d4       100%        5
 Lee's Rapid Deconstruct  Erth           0%         3d5*      100%        5
 Metabolic Englaciation   Hex/Ice        0%         N/A       100%        5
 Simulacrum               Ice/Necr       0%         N/A       100%        6
 Statue Form              Tmut/Erth      0%         N/A       100%        6


Dungeon Overview and Level Annotations

Branches:
Dungeon (10/15)            Temple (1/1) D:5            Lair (0/6) D:8
    Orc: D:9-12

Altars:
Dithmenos
Elyvilon
Vehumet
Wu Jian
The Shining One

Shops:
D:5 (


Innate Abilities, Weirdness & Mutations

You cannot be hasted, slowed, berserked, paralysed or teleported.
You can dig through walls and to a lower floor.
You have a pair of large antennae on your head. (SInv)
Your four strong arms can wield two-handed weapons with a shield.


Message History

You retract your mandibles.
You extend your mandibles.
You dig through the rock wall.
You dig through the rock wall.
You dig through the rock wall.
You dig through the rock wall.
A two-headed ogre comes into view. It is wielding two +0 giant clubs.
The two-headed ogre hits you with a +0 giant club.
The two-headed ogre barely misses you.
You retract your mandibles.
You hit the two-headed ogre.
The two-headed ogre is lightly wounded.
You hit the two-headed ogre.
The two-headed ogre is lightly wounded.
You block the two-headed ogre's attack. x2
You hit the two-headed ogre.
The two-headed ogre is lightly wounded.
The two-headed ogre hits you with a +0 giant club.
You block the two-headed ogre's attack.
You slash the two-headed ogre!
The two-headed ogre is moderately wounded.
You hit the two-headed ogre but do no damage.
The two-headed ogre is moderately wounded.
The two-headed ogre barely misses you. x2
You slash the two-headed ogre!
The two-headed ogre is heavily wounded.
You hit the two-headed ogre.
The two-headed ogre is heavily wounded.
The two-headed ogre hits you with a +0 giant club!
You block the two-headed ogre's attack.
You completely miss the two-headed ogre.
The two-headed ogre is heavily wounded.
The two-headed ogre hits you with a +0 giant club!!
The two-headed ogre hits you with a +0 giant club!
* * * LOW HITPOINT WARNING * * *
You hit the two-headed ogre.
The two-headed ogre is severely wounded.
You slash the two-headed ogre!
The two-headed ogre is almost dead.
The two-headed ogre hits you with a +0 giant club!!
You die...

*****,,**,*#########.#
**≈≈≈≈
*,,**,,..........#
**≈*≈≈≈
*,,**,,*####.....#
*≈≈≈≈≈≈ *,,,,,,* #..##.#
*≈≈≈≈≈≈ *,,,,,**
##.#...# *****≈≈ ***,,,*
##..#.### **≈ *,,,*
##.#.....# *≈ *,,,*
#.####.#.# **
*,,,**##@#**.#.# *
*#.......O...#,#
*********#..##########,*
,,,,,,,,,,,>**,,{,,,,,,*
,*******,,*{**,*********
,* *,,,,,,,*,* ,*
*,≈≈≈≈≈,,,* ,*
*,≈,>,≈,*** ,* *,≈,∩,≈,*


You could see a two-headed ogre.

Vanquished Creatures
  A two-headed ogre (D:8)
  Maggie (D:7)
  2 trolls
  Grinder (D:4)
  Sigmund (D:5)
  3 yaks (D:8)
  A wraith (D:8)
  Eustachio (D:4)
  2 steam dragons (D:7)
  Menkaure (D:4)
  A water moccasin (D:5)
  Duvessa (D:5)
  An orc warrior (D:9)
  An ice beast (D:7)
  3 ogres
  A wolf (D:8)
  A necrophage (D:4)
  4 centaurs
  3 phantoms
  2 kobold brigands
  3 bullfrogs
  A wyvern zombie (D:8)
  Dowan (D:5)
  5 wights (D:8)
  A howler monkey (D:5)
  4 electric eels (D:8)
  2 bullfrog zombies
  3 jellies
  14 hounds
  A centaur skeleton (D:4)
  7 orc priests
  2 bullfrog skeletons
  Crazy Yiuf (D:7)
  2 iguanas
  5 orc wizards
  A killer bee zombie (D:7)
  A hound skeleton (D:4)
  2 howler monkey zombies
  3 gnolls (D:6)
  9 adders
  3 shadow imps
  A white imp (D:7)
  3 worms
  A dart slug (D:3)
  25 orcs
  9 endoplasms
  5 giant cockroaches
  11 goblins
  12 hobgoblins
  6 jackals
  19 kobolds
  2 quokkas
  6 ball pythons
  7 bats
  3 frilled lizards (D:1)
  6 rats
219 creatures vanquished.

Vanquished Creatures (others)
  A butterfly (D:3)
1 creature vanquished.

Grand Total: 220 creatures vanquished

Notes
Turn   | Place    | Note
-------+----------+-------------------------------------------
     0 | D:1      | sasquatch the Formicid Fighter began the quest for the Orb.
     0 | D:1      | Reached XP level 1. HP: 18/18 MP: 1/1
    97 | D:1      | Reached XP level 2. HP: 24/24 MP: 2/2
   359 | D:1      | Reached XP level 3. HP: 29/29 MP: 3/3
   431 | D:1      | Reached skill level 3 in Axes
   614 | D:1      | Found a faded altar of an unknown god.
  1118 | D:2      | Reached XP level 4. HP: 16/35 MP: 4/4
  1531 | D:2      | Reached skill level 4 in Axes
  1546 | D:2      | Reached XP level 5. HP: 17/41 MP: 5/5
  2549 | D:3      | Reached skill level 5 in Shields
  2661 | D:3      | Found a white marble altar of Elyvilon.
  2848 | D:3      | Noticed an ogre
  2851 | D:3      | Killed an ogre
  2852 | D:3      | Reached skill level 5 in Axes
  2852 | D:3      | Reached XP level 6. HP: 47/47 MP: 6/6
  3353 | D:4      | Reached XP level 7. HP: 50/52 MP: 7/7
  3365 | D:4      | Noticed Menkaure
  3371 | D:4      | Killed Menkaure
  3372 | D:4      | Reached skill level 6 in Axes
  3372 | D:4      | Noticed Eustachio
  3420 | D:4      | Killed Eustachio
  3616 | D:4      | Reached skill level 7 in Axes
  3616 | D:4      | Reached XP level 8. HP: 55/58 MP: 8/8
  3668 | D:4      | Noticed Grinder
  3688 | D:4      | Killed Grinder
  4019 | D:4      | Reached skill level 8 in Axes
  4302 | D:5      | Entered Level 5 of the Dungeon
  4327 | D:5      | Noticed Dowan
  4327 | D:5      | Noticed Duvessa
  4349 | D:5      | Killed Duvessa
  4351 | D:5      | Killed Dowan
  4641 | D:5      | Reached XP level 9. HP: 56/64 MP: 9/9
  4706 | D:5      | Found Gocwacup's Weapon Emporium.
  4719 | D:5      | Noticed Sigmund
  4734 | D:5      | Killed Sigmund
  4735 | D:5      | Reached skill level 9 in Axes
  5474 | D:5      | Reached skill level 10 in Axes
  5963 | D:5      | Found a staircase to the Ecumenical Temple.
  5988 | Temple   | Entered the Ecumenical Temple
  5992 | Temple   | Became a worshipper of the Shining One
  7362 | D:7      | Reached skill level 11 in Axes
  7362 | D:7      | Reached XP level 10. HP: 47/70 MP: 10/10
  7984 | D:7      | Found a runed translucent door.
  7985 | D:7      | Noticed Crazy Yiuf
  8068 | D:7      | Noticed Maggie
  8084 | D:7      | Killed Maggie
  8246 | D:7      | Reached skill level 12 in Axes
  8423 | D:7      | Killed Crazy Yiuf
  8469 | D:8      | Reached * piety under the Shining One
  8705 | D:7      | You fall into a shaft and drop 2 floors!
  9212 | D:8      | Noticed a two-headed ogre
  9222 | D:8      | Killed a two-headed ogre
  9223 | D:8      | Reached skill level 13 in Axes
  9458 | D:8      | Identified the +1 falchion "Hiupon" {antimagic, Dex+4}
  9516 | D:8      | Reached ** piety under the Shining One
  9720 | D:8      | Identified a scroll of acquirement
  9720 | D:8      | Acquired a manual of Axes
  9977 | D:8      | Reached XP level 11. HP: 75/75 MP: 11/11
 10130 | D:8      | Found a staircase to the Lair.
 10157 | D:8      | Reached skill level 14 in Axes
 10164 | D:8      | Acquired the amulet "Pimp" {Reflect rElec rF+ SH+5}
 10975 | D:10     | Entered Level 10 of the Dungeon
 11033 | D:10     | Noticed a two-headed ogre
 11043 | D:10     | Slain by a two-headed ogre

Illustrated notes

Levels and vault maps discovered:
D:1:      minmay_arrival_split_and_join, layout_basic,
          hellmonk_ecumenical_altar_zigzags
D:2:      layout_basic, chequers_serial_rivers_micro_d
D:3:      layout_rooms, nicolae_elyvilon_peaceful_grove
D:4:      minmay_opposing_rooms, layout_rooms, hangedman_abyss_or_decor_stagger,
          uniq_eustachio, uniq_grinder, uniq_menkaure
D:5:      layout_basic, temple_hall, serial_shops, shop, minmay_quadrilaterals,
          uniq_duvessa, uniq_sigmund
D:6:      layout_layer_cave
D:7:      layout_basic, minmay_hedge_maze, uniq_crazy_yiuf_cottage, uniq_maggie
D:8:      layout_rooms, erik_lair_island
D:9:      layout_roguey
D:10:     layout_basic, enter_bailey_5
Temple:   nicolae_temple_the_god_donut

Skill      XL: |  1  2  3  4  5  6  7  8  9 10 11 |
---------------+----------------------------------+-----
Shields        | 4 5 6 8 9 |  9.0
Axes           | 3 4 5 7 8 11 13 14 | 14.7
Fighting       | |  3.2
Armour         | |  3.2

Action                   |  1- 3 |  4- 6 |  7- 9 | 10-12 || total
-------------------------+-------+-------+-------+-------++-------
Melee: War axe           |    75 |   164 |   316 |   215 ||   770
 Abil: Dig               |       |     2 |     8 |     9 ||    19
       Shaft Self        |       |       |       |     1 ||     1
Evoke: Wand              |       |       |       |    13 ||    13
  Use: Scroll            |       |       |       |    15 ||    15
Armor: Scale mail        |    28 |    59 |    39 |       ||   126
       Chain mail        |       |       |    41 |    50 ||    91
Dodge: Dodged            |    21 |    49 |    77 |    37 ||   184
Block: Kite shield       |    45 |    97 |   134 |   101 ||   377
       Reflection        |       |       |       |     2 ||     2
